 Dungeon Crawl Stone Soup version 0.31.0-11-ge490571c62 (webtiles) character file.

Game seed: 6713151563731473328

118 Aneyh the Poker (level 5, 0/34 HPs)
             Began as a Tengu Monk on Feb 10, 2024.
             Succumbed to an adder's poison
             ... on level 3 of the Dungeon.
             The game lasted 00:03:00 (2095 turns).

Aneyh the Poker (Tengu Monk)                        Turns: 2095, Time: 00:03:00

Health: 0/34       AC:  2    Str: 13      XL:     5   Next: 2%
Magic:  6/6        EV: 13    Int:  9 (10) God:
Gold:   111        SH:  0    Dex: 15 (17) Spells: 4/4 levels left

rFire   . . .        a - +0 trident
rCold   . . .        (no shield)
rNeg    . . .        k - +0 robe
rPois   .            (helmet restricted)
rElec   .            (no cloak)
rCorr   .            (no gloves)
SInv    .            (boots unavailable)
Will    .....        (no amulet)
Stlth   +            (no ring)
HPRegen 0.25/turn    (no ring)
MPRegen 0.10/turn

%: acrobat
@: mighty, lethally poisoned (0 -> -9)
A: beak, talons 3, acrobatic
a: no special abilities


You were on level 3 of the Dungeon.
You visited 1 branch of the dungeon, and saw 3 of its levels.

You collected 111 gold pieces.

Inventory:

Hand Weapons
 a - a +0 trident (weapon)
 b - a +0 sling
 m - a +0 hand axe
 p - a +0 spear
Missiles
 c - 3 javelins (quivered)
 q - a throwing net
Armour
 d - an orb of light
 g - a +0 leather armour
 k - a +0 robe (worn)
Scrolls
 f - a scroll of poison {unknown}
 h - a scroll of immolation {unknown}
 i - a scroll of teleportation {unknown}
 l - a scroll of blinking {unknown}
 o - a scroll of noise {unknown}
 r - a scroll of acquirement {unknown}
Potions
 n - a potion of degeneration


   Skills:
 + Level 4.3 Fighting
 - Level 5.0 Polearms
 - Level 3.2 Dodging


You had 4 spell levels left.
You didn't know any spells.
Your spell library contained the following spells:

 Spells                   Type           Power      Damage    Failure   Level
 Fugue of the Fallen      Necr           0%         N/A       77%         3
 Ozocubu's Armour         Ice            0%         N/A       77%         3
 Manifold Assault         Tloc           0%         N/A       99%         4


Dungeon Overview and Level Annotations

Branches:
Dungeon (3/15)

Altars:

Annotations:
D:3 Terence


Innate Abilities, Weirdness & Mutations

You have a beak for a mouth.
You have claws for feet.
You can magically evade attacks while moving or waiting.


Message History

Terence is nearby!
An adder comes into view.
There is an open door here.
There are monsters nearby!
The adder hisses angrily.
Terence shouts!
There are monsters nearby!
There are monsters nearby!
You hit Terence. Your kick misses Terence. Your peck misses Terence.
Terence is lightly wounded.
Terence hits you but does no damage.
You hit Terence but do no damage.
Terence is lightly wounded.
The adder closely misses you.
Terence hits you with a +2 short sword of venom!
You are poisoned.
The adder misses you.
You barely miss Terence. Your kick misses Terence. Your peck misses Terence.
Terence is lightly wounded.
You feel very sick. The adder bites you.
You are more poisoned.
The adder poisons you! Terence misses you.
You feel very sick. The adder attacks as it pursues you!
The adder completely misses you.
You feel very sick. The adder misses you.
There is an open door here.
* * * LOW HITPOINT WARNING * * *
You feel sick.
* * * LOW HITPOINT WARNING * * *
You feel sick.
You closely miss the adder. You claw the adder. Your peck misses the adder.
The adder is lightly wounded.
* * * LOW HITPOINT WARNING * * *
You feel sick. The adder bites you.
* * * LOW HITPOINT WARNING * * *
You are more poisoned.
The adder poisons you! The adder closely misses you.
You feel very mighty all of a sudden.
You die...

#......# ######
#......# .....#
#......# .....#
#......# .....#
#......# .....#
#......# .....#
##@##### .....#
#S# ....†# #@#
.....###########.#
.....'...........#
.....#############
####.# #.# #.# #.#
#.#


You could see Terence and an adder.

Vanquished Creatures
  Natasha (thrice) (D:2)
  An adder (D:2)
  2 ribbon worms (D:2)
  4 bats (D:1)
  An endoplasm (D:1)
  A giant cockroach (D:1)
  2 goblins (D:2)
  2 hobgoblins
  4 jackals (D:2)
  4 kobolds
  A quokka (D:1)
  A ball python (D:1)
  4 frilled lizards
  A rat (D:2)
31 creatures vanquished.

Notes
Turn   | Place    | Note
-------+----------+-------------------------------------------
     0 | D:1      | Aneyh the Tengu Monk began the quest for the Orb.
     0 | D:1      | Reached XP level 1. HP: 14/14 MP: 2/2
   251 | D:1      | Reached XP level 2. HP: 17/19 MP: 3/3
   372 | D:1      | Reached skill level 4 in Polearms
  1039 | D:2      | Reached XP level 3. HP: 23/23 MP: 4/4
  1378 | D:2      | Noticed Natasha
  1383 | D:2      | HP: 1/23 [Natasha (1)]
  1386 | D:2      | Killed Natasha
  1387 | D:2      | Reached skill level 5 in Polearms
  1486 | D:2      | Noticed Natasha
  1493 | D:2      | Killed Natasha
  1494 | D:2      | Reached XP level 4. HP: 8/29 MP: 5/5
  1520 | D:2      | Noticed Natasha
  1750 | D:2      | Killed Natasha
  1885 | D:2      | Reached XP level 5. HP: 33/33 MP: 6/6
  2083 | D:3      | Noticed Terence
  2095 | D:3      | Succumbed to an adder's poison

Illustrated notes

Levels and vault maps discovered:
D:1:      minmay_arrival_pointy, layout_loops_corners
D:2:      layout_basic, nicolae_underground_beach, uniq_natasha
D:3:      layout_basic, uniq_grinder, uniq_terence

Skill      XL: |  1  2  3  4 |
---------------+-------------+-----
Polearms       | 4 5 |  5.0
Fighting       | 4 |  4.3
Dodging        | |  3.2

Action                     |  1- 3 |  4- 6 || total
---------------------------+-------+-------++-------
  Melee: Spear             |    33 |       ||    33
         Peck              |    12 |     3 ||    15
         Kick              |     7 |     6 ||    13
         Trident           |    28 |    23 ||    51
    Use: Potion            |     4 |     1 ||     5
   Stab: Sleeping          |     3 |     2 ||     5
 Armour: Robe              |    23 |    16 ||    39
  Dodge: Dodged            |    43 |    17 ||    60
